 Dungeon Crawl Stone Soup version 0.22-a0-388-g09e6169 (webtiles) character file.

940 khargal the Slasher (level 7, 0/79 HPs)
             Began as a Demonspawn Gladiator on Apr 29, 2018.
             Slain by a hippogriff (7 damage)
             ... on level 8 of the Dungeon.
             The game lasted 00:10:23 (4523 turns).

khargal the Slasher (Demonspawn Gladiator)          Turns: 4523, Time: 00:10:24

Health: 0/79       AC: 26    Str: 12 (14) XL:     7   Next: 88%
Magic:  7/7        EV:  2    Int:  7 (8)  God:
Gold:   253        SH:  5    Dex: 20 (23) Spells: 6/6 levels left

rFire    . . .     SeeInvis .   a - +2 long sword
rCold    . . .     Gourm    .   h - +0 buckler
rNeg     + + +     Faith    .   (armour currently unavailable)
rPois    +         Spirit   .   (helmet currently unavailable)
rElec    .         Reflect  .   (cloak currently unavailable)
rCorr    .         Harm     .   (gloves currently unavailable)
MR       .....     NoTele   +   (boots currently unavailable)
Stlth    +++.......             l - amulet of inaccuracy (curse)
HPRegen  0.23/turn              m - ring of poison resistance
MPRegen  0.10/turn              j - +3 ring of protection

@: agile, tree-form
A: agile 1, dopey 1, powered by pain 1
a: no special abilities


You were on level 8 of the Dungeon.
You were not hungry.
You were a tree.
You visited 1 branch of the dungeon, and saw 6 of its levels.

You collected 253 gold pieces.

Inventory:

Hand Weapons
 a - a +2 long sword (weapon)
Missiles
 d - 3 throwing nets (quivered)
 e - 2 poisoned needles
Armour
 b - a +0 leather armour (melded)
 h - a +0 buckler (worn)
 i - a scarf of resistance (melded)
Jewellery
 g - an uncursed ring of wizardry
 j - a +3 ring of protection (right branch)
 l - a cursed amulet of inaccuracy (around neck)
 m - a ring of poison resistance (left branch)
 o - an uncursed ring of stealth
 u - an uncursed ring of ice
Wands
 n - a wand of acid (9)
 r - a wand of scattershot (3)
Scrolls
 p - 5 scrolls of identify
 s - a scroll of remove curse
 t - a scroll of amnesia
Potions
 c - 2 potions of curing
 k - 4 potions of brilliance
 q - 2 potions of lignification
Comestibles
 f - 8 rations
 v - 2 chunks of flesh


   Skills:
 + Level 3.8 Fighting
 + Level 6.4 Long Blades
 - Level 2.0 Throwing
 + Level 4.7 Dodging
 + Level 2.6 Shields


You had 6 spell levels left.
You didn't know any spells.

Dungeon Overview and Level Annotations

Branches:
Dungeon (5/15)
 Temple: D:4-7

Altars:
Ashenzari
Qazlal


Innate Abilities, Weirdness & Mutations

((You have a pair of antennae on your head.))
You sometimes gain a little power by taking damage.
((You are partially covered in sharp spines.))
You are agile. (Dex +2)
You are dopey. (Int -2)
((You are resistant to electric shocks. (rElec)))


Message History

* * * LOW HITPOINT WARNING * * *
The hippogriff claws you but does no damage.
Unknown command.
You hit the hippogriff.
The hippogriff is heavily wounded.
The hippogriff completely misses you.
The hippogriff pecks you but does no damage.
The hippogriff claws you.
* * * LOW HITPOINT WARNING * * *
Unknown command.
You barely miss the hippogriff.
The hippogriff is heavily wounded.
The hippogriff bites you but does no damage.
You block the hippogriff's attack.
The hippogriff claws you but does no damage.
Unknown command.
You hit the hippogriff.
The hippogriff is heavily wounded.
The hippogriff bites you!
You die...

.........# .........#
.........# ?........##
### # .......... .. ..
...H.....# .##.##.
....[....#######.......
.........'....♣H....#
.........#######.......
.........# .#####.
......#### .. ###...
..# #.>. ... #.. .#.#
... ##..


You could see a hippogriff.

Vanquished Creatures
  An ice beast (D:5)
  A phantom (D:4)
  An ogre (D:5)
  A centaur (D:5)
  A bullfrog (D:8)
  A jelly (D:5)
  A centaur skeleton (D:5)
  A hound (D:3)
  5 orc wizards
  A bullfrog skeleton (D:5)
  4 worker ants
  8 adders
  A shadow imp (D:2)
  An ooze (D:3)
  2 worms (D:2)
  A dart slug (D:3)
  5 leopard geckos
  16 orcs
  7 giant cockroaches
  5 hobgoblins
  4 jackals (D:2)
  4 kobolds
  5 quokkas
  3 ball pythons
  7 bats
  5 frilled lizards
  7 goblins
  7 rats
106 creatures vanquished.

Notes
Turn   | Place    | Note
-------+----------+-------------------------------------------
     0 | D:1      | khargal the Demonspawn Gladiator began the quest for the Orb.
     0 | D:1      | Reached XP level 1. HP: 16/16 MP: 1/1
   191 | D:1      | Gained mutation: You have a pair of small antennae on your head. [demonic ancestry]
   191 | D:1      | Reached XP level 2. HP: 18/22 MP: 2/2
   277 | D:1      | Reached skill level 3 in Long Blades
   831 | D:2      | Reached XP level 3. HP: 27/27 MP: 3/3
  1327 | D:2      | Gained mutation: You are partially covered in sharp spines. [demonic ancestry]
  1327 | D:2      | Reached XP level 4. HP: 31/33 MP: 4/4
  1732 | D:3      | Reached skill level 4 in Long Blades
  1737 | D:3      | Gained mutation: You sometimes gain a little power by taking damage. [demonic ancestry]
  1737 | D:3      | Reached XP level 5. HP: 33/39 MP: 5/5
  2570 | D:3      | Gained mutation: You are dopey. (Int -2) [potion of mutation]
  2570 | D:3      | Gained mutation: You are resistant to electric shocks. (rElec) [potion of mutation]
  2570 | D:3      | Gained mutation: You are agile. (Dex +2) [potion of mutation]
  2664 | D:4      | Noticed a phantom
  2707 | D:4      | Killed a phantom
  2707 | D:4      | Reached skill level 5 in Long Blades
  2707 | D:4      | Reached skill level 1 in Shields
  2707 | D:4      | Gained mutation: You have a pair of antennae on your head. [demonic ancestry]
  2707 | D:4      | Reached XP level 6. HP: 40/46 MP: 6/6
  3293 | D:4      | Found a stormy altar of Qazlal.
  3354 | D:4      | Found a shattered altar of Ashenzari.
  3644 | D:5      | Entered Level 5 of the Dungeon
  3712 | D:5      | Reached XP level 7. HP: 19/52 MP: 7/7
  4302 | D:5      | Reached skill level 6 in Long Blades
  4457 | D:5      | You fall through a shaft for 3 floors!
  4487 | D:8      | Noticed a hippogriff
  4523 | D:8      | Slain by a hippogriff

Vault maps used:
D:1:      dpeg_arrival_arbitrary_a
D:2:      minmay_misc_feat_diagonals, minmay_pentomino_u4
D:4:      evilmike_ruin_ashenzari, grunt_qazlal_clouds, first_ration
D:5:      amethyst_overflow_temple_binary, minmay_ogre_servants

Skill      XL: |  1  2  3  4  5  6  7 |
---------------+----------------------+-----
Long Blades    | 3 4 5 6 |  6.4
Dodging        | 3 4 |  4.7
Throwing       | 2 |  2.0
Shields        | 1 2 |  2.6
Fighting       | 3 |  3.8

Action                   |  1- 3 |  4- 6 |  7- 9 || total
-------------------------+-------+-------+-------++-------
Melee: Long sword        |    83 |   178 |    67 ||   328
  Use: Scroll            |     6 |     7 |       ||    13
       Potion            |     1 |     4 |     4 ||     9
 Stab: Sleeping          |     2 |     1 |     1 ||     4
  Eat: Chunk             |     1 |     8 |     3 ||    12
Armor: Leather armour    |    19 |    42 |    22 ||    83
       Skin              |       |    57 |    10 ||    67
Dodge: Dodged            |    55 |    89 |    37 ||   181
Block: Buckler           |     8 |    46 |    15 ||    69
       Rpst.: Long sword |    26 |    26 |     6 ||    58

Table legend:
 A = Spawn XP
 B = Non-spawn XP
 C = Spawn XP percentage of total XP
 D = Spawn monster count
 E = Non-spawn monster count
 F = Spawn count percentage of total count
 G = Total turns spent on level
                    A         B        C        D         E        F      G
               +---------+---------+-------+---------+---------+-------+---------
         Total |       0 |    1343 |   0.0 |       0 |     106 |   0.0 |  4523
               +---------+---------+-------+---------+---------+-------+---------
           D:1 |       0 |      19 |   0.0 |       0 |      11 |   0.0 |   650
           D:2 |       0 |      95 |   0.0 |       0 |      33 |   0.0 |  1060
           D:3 |       0 |     150 |   0.0 |       0 |      23 |   0.0 |   926
           D:4 |       0 |     329 |   0.0 |       0 |      19 |   0.0 |  1008
           D:5 |       0 |     576 |   0.0 |       0 |      13 |   0.0 |   813
           D:8 |       0 |     174 |   0.0 |       0 |       7 |   0.0 |    66
               +---------+---------+-------+---------+---------+-------+---------
